3L
CHICAGO HAWKS @ SEATTLE AVIATORS
08/24/2031
 
TOP OF THE 1ST
Chicago Hawks batting - Pitching for Seattle Aviators : LHP Shigemasa Horiuchi
Pitching: LHP Shigemasa Horiuchi
Batting: SHB Luis Manuel Flores 0-0: Foul Ball, location: 2F
0-1: Ball
1-1: Ball
2-1: Fly out, F3 (Popup, 34)
Batting: LHB Scott Janousek 0-0: Ball
1-0: Ball
2-0: Ball
3-0: Called Strike
3-1: Base on Balls
Batting: LHB Jeff Simpson 0-0: Called Strike
Scott Janousek is caught stealing 2nd base
0-1: Foul Ball, location: 2F
0-2: Strikes out swinging
Top of the 1st over - 0 runs, 0 hits, 0 errors, 0 left on base; Chicago 0 - Seattle 0
BOTTOM OF THE 1ST
Seattle Aviators batting - Pitching for Chicago Hawks : RHP Blaine Stottlar
Pitching: RHP Blaine Stottlar
Batting: SHB Nuygen Vuong 0-0: Ball
1-0: Ball
2-0: Foul Ball, location: 2F
2-1: Ball
3-1: Base on Balls
Batting: RHB Lester Kwiatkowski 0-0: Ball
Nuygen Vuong is caught stealing 2nd base
1-0: Foul Ball, location: 2F
1-1: Foul Ball, location: 2F
1-2: Ball
2-2: Strikes out swinging
Batting: LHB Kenny Webster 0-0: Ball
1-0: Foul Ball, location: 2F
1-1: Ball
2-1: Foul Ball, location: 2F
2-2: Foul Ball, location: 2F
2-2: Foul Ball, location: 2F
2-2: Fly out, F3 (Popup, 3)
Bottom of the 1st over - 0 runs, 0 hits, 0 errors, 0 left on base; Chicago 0 - Seattle 0
TOP OF THE 2ND
Chicago Hawks batting - Pitching for Seattle Aviators : LHP Shigemasa Horiuchi
Batting: RHB Kumanosuke Asano 0-0: SINGLE (Groundball, 5D)
Batting: RHB Jack Bonner 0-0: Swinging Strike
0-1: Ball
1-1: Fly out, F8 (Flyball, 8RM)
Batting: RHB Paddy Hodnett 0-0: Ball
1-0: Ball
2-0: Foul Ball, location: 2F
2-1: Ball
3-1: Grounds into double play, 4-6-3 (Groundball, 4)
Top of the 2nd over - 0 runs, 1 hit, 0 errors, 0 left on base; Chicago 0 - Seattle 0
BOTTOM OF THE 2ND
Seattle Aviators batting - Pitching for Chicago Hawks : RHP Blaine Stottlar
Batting: LHB Jorge Mojica 0-0: Ball
1-0: Ball
2-0: Called Strike
2-1: Ball
3-1: Base on Balls
Batting: RHB John Downing 0-0: Foul Ball, location: 2F
0-1: Foul Ball, location: 2F
0-2: Ball
1-2: Ball
2-2: Ball
3-2: Fielders Choice at 2nd, 1-4 (Groundball, 15)
Batting: LHB Yoichibei Sato 0-0: Ball
1-0: Ball
2-0: Called Strike
2-1: Ball
3-1: Called Strike
3-2: Ground out 5-3 (Groundball, 56S)
John Downing to second
Batting: RHB Alfredo Méndez 0-0: Called Strike
0-1: Ball
1-1: Ball
2-1: Ground out 6-3 (Groundball, 6)
Bottom of the 2nd over - 0 runs, 0 hits, 0 errors, 1 left on base; Chicago 0 - Seattle 0
TOP OF THE 3RD
Chicago Hawks batting - Pitching for Seattle Aviators : LHP Shigemasa Horiuchi
Batting: RHB Cam MacIntosh 0-0: Ball
1-0: Ground out 5-3 (Groundball, 5L)
Batting: RHB Reg Spiers 0-0: Ball
1-0: Foul Ball, location: 2F
1-1: Ground out 6-3 (Groundball, 6S)
Batting: RHB Tevin McTevin 0-0: Ball
1-0: Ball
2-0: Called Strike
2-1: Foul Ball, location: 2F
2-2: Strikes out looking
Top of the 3rd over - 0 runs, 0 hits, 0 errors, 0 left on base; Chicago 0 - Seattle 0
BOTTOM OF THE 3RD
Seattle Aviators batting - Pitching for Chicago Hawks : RHP Blaine Stottlar
Batting: RHB Logan Namajunas 0-0: Ball
1-0: Called Strike
1-1: Fly out, F9 (Line Drive, 89D)
Batting: RHB José Leyva 0-0: Called Strike
0-1: Swinging Strike
0-2: Strikes out swinging
Batting: SHB Nuygen Vuong 0-0: Ball
1-0: Called Strike
1-1: Foul Ball, location: 2F
1-2: Foul Ball, location: 2F
1-2: Ball
2-2: Ball
3-2: SINGLE (Line Drive, 7S)
Batting: RHB Lester Kwiatkowski 0-0: Ball
Nuygen Vuong is caught stealing 2nd base
Bottom of the 3rd over - 0 runs, 1 hit, 0 errors, 0 left on base; Chicago 0 - Seattle 0
TOP OF THE 4TH
Chicago Hawks batting - Pitching for Seattle Aviators : LHP Shigemasa Horiuchi
Batting: SHB Luis Manuel Flores 0-0: Ball
1-0: Swinging Strike
1-1: Ball
2-1: Ball
3-1: Base on Balls
Batting: LHB Scott Janousek 0-0: Ball
1-0: Swinging Strike
1-1: Swinging Strike
1-2: Foul Ball, location: 2F
1-2: 2-RUN HOME RUN (Line Drive, 9D), Distance : 352 ft
Batting: LHB Jeff Simpson 0-0: Ball
1-0: Ground out 4-3 (Groundball, 4D)
Batting: RHB Kumanosuke Asano 0-0: Ball
1-0: Ball
2-0: Ground out 6-3 (Groundball, 6)
Batting: RHB Jack Bonner 0-0: Called Strike
0-1: Ball
1-1: Swinging Strike
1-2: Ball
2-2: Ball
3-2: Strikes out swinging
Top of the 4th over - 2 runs, 1 hit, 0 errors, 0 left on base; Chicago 2 - Seattle 0
BOTTOM OF THE 4TH
Seattle Aviators batting - Pitching for Chicago Hawks : RHP Blaine Stottlar
Batting: RHB Lester Kwiatkowski 0-0: Called Strike
0-1: Foul Ball, location: 2F
0-2: Ball
1-2: Foul Ball, location: 2F
1-2: Ball
2-2: Ball
3-2: Strikes out swinging
Batting: LHB Kenny Webster 0-0: Ball
1-0: Called Strike
1-1: Ground out 4-3 (Groundball, 4)
Batting: LHB Jorge Mojica 0-0: Ball
1-0: Ball
2-0: Ball
3-0: Base on Balls
Batting: RHB John Downing 0-0: 2-RUN HOME RUN (Flyball, 7LD), Distance : 340 ft
Batting: LHB Yoichibei Sato 0-0: Swinging Strike
0-1: Foul Ball, location: 2F
0-2: Ground out 4-3 (Groundball, 4S)
Bottom of the 4th over - 2 runs, 1 hit, 0 errors, 0 left on base; Chicago 2 - Seattle 2
TOP OF THE 5TH
Chicago Hawks batting - Pitching for Seattle Aviators : LHP Shigemasa Horiuchi
Batting: RHB Paddy Hodnett 0-0: Called Strike
0-1: Called Strike
0-2: Foul Ball, location: 2F
0-2: Ball
1-2: Foul Ball, location: 2F
1-2: Ground out 6-3 (Groundball, 6M)
Batting: RHB Cam MacIntosh 0-0: Called Strike
0-1: Called Strike
0-2: DOUBLE (Line Drive, 7LM)
Batting: RHB Reg Spiers 0-0: Ground out 1-3 (Groundball, 13S)
Cam MacIntosh to third
Batting: RHB Tevin McTevin 0-0: Ground out 5-3 (Groundball, 5)
Top of the 5th over - 0 runs, 1 hit, 0 errors, 1 left on base; Chicago 2 - Seattle 2
BOTTOM OF THE 5TH
Seattle Aviators batting - Pitching for Chicago Hawks : RHP Blaine Stottlar
Batting: RHB Alfredo Méndez 0-0: Called Strike
0-1: Swinging Strike
0-2: Foul Ball, location: 2F
0-2: Ball
1-2: Ball
2-2: Ball
3-2: Strikes out swinging
Batting: RHB Logan Namajunas 0-0: Ball
1-0: Foul Ball, location: 2F
1-1: Foul Ball, location: 2F
1-2: Ball
2-2: Ball
3-2: Base on Balls
Batting: RHB José Leyva 0-0: Ball
Logan Namajunas is caught stealing 2nd base
1-0: Ground out 6-3 (Groundball, 6)
Bottom of the 5th over - 0 runs, 0 hits, 0 errors, 0 left on base; Chicago 2 - Seattle 2
TOP OF THE 6TH
Chicago Hawks batting - Pitching for Seattle Aviators : LHP Shigemasa Horiuchi
Batting: SHB Luis Manuel Flores 0-0: Called Strike
0-1: Called Strike
0-2: Strikes out swinging
Batting: LHB Scott Janousek 0-0: Fly out, F9 (Flyball, 9S)
Batting: LHB Jeff Simpson 0-0: Foul Ball, location: 2F
0-1: Swinging Strike
0-2: Foul Ball, location: 2F
0-2: Ball
1-2: Strikes out swinging
Top of the 6th over - 0 runs, 0 hits, 0 errors, 0 left on base; Chicago 2 - Seattle 2
BOTTOM OF THE 6TH
Seattle Aviators batting - Pitching for Chicago Hawks : RHP Blaine Stottlar
Batting: SHB Nuygen Vuong 0-0: Ground out 4-3 (Groundball, 4)
Batting: RHB Lester Kwiatkowski 0-0: Ball
1-0: Called Strike
1-1: Foul Ball, location: 2F
1-2: Ball
2-2: Ball
3-2: Base on Balls
Batting: LHB Kenny Webster 0-0: Ball
1-0: Ball
2-0: Ball
3-0: Base on Balls
Lester Kwiatkowski to second
Pitching: RHP Ralph Haggerty
Batting: LHB Jorge Mojica 0-0: Swinging Strike
0-1: Ball
1-1: Foul Ball, location: 2F
1-2: SINGLE (Line Drive, 4M)
Lester Kwiatkowski to third
Kenny Webster to second
Runner from 3rd tries for Home, throw and OUT!
Batting: RHB John Downing 0-0: Ball
1-0: Called Strike
1-1: Ball
2-1: Fly out, F4 (Popup, 23)
Bottom of the 6th over - 0 runs, 1 hit, 0 errors, 2 left on base; Chicago 2 - Seattle 2
TOP OF THE 7TH
Chicago Hawks batting - Pitching for Seattle Aviators : LHP Shigemasa Horiuchi
Batting: RHB Kumanosuke Asano 0-0: Ball
1-0: Swinging Strike
1-1: Foul Ball, location: 2F
1-2: Ball
2-2: Ball
3-2: Foul Ball, location: 2F
3-2: Foul Ball, location: 2F
3-2: Ground out U3 (Groundball, 3S)
Batting: RHB Jack Bonner 0-0: Ball
1-0: SINGLE (Groundball, 56D)
Batting: RHB Paddy Hodnett 0-0: Foul Ball, location: 2F
0-1: Ball
1-1: Foul Ball, location: 2F
1-2: Ball
2-2: Ball
3-2: Ground out 4-3 (Groundball, 4S)
Jack Bonner to second
Batting: RHB Cam MacIntosh 0-0: Intentional Walk
Batting: RHB Reg Spiers 0-0: Fielders Choice at 2nd, 6-4 (Groundball, 6)
Top of the 7th over - 0 runs, 1 hit, 0 errors, 2 left on base; Chicago 2 - Seattle 2
BOTTOM OF THE 7TH
Seattle Aviators batting - Pitching for Chicago Hawks : RHP Ralph Haggerty
Batting: LHB Yoichibei Sato 0-0: Swinging Strike
0-1: Ground out 5-3 (Groundball, 56)
Batting: RHB Alfredo Méndez 0-0: Ball
1-0: Ball
2-0: SINGLE (Groundball, 5D)
Batting: RHB Logan Namajunas 0-0: Ball
1-0: Called Strike
Alfredo Méndez steals 2nd base
1-1: Intentional Walk
Batting: RHB José Leyva 0-0: Ball
Alfredo Méndez steals 3rd base
Logan Namajunas to second
1-0: Foul Ball, location: 2F
1-1: Ball
2-1: Foul Ball, location: 2F
2-2: Ground out 6-3 (Groundball, 6)
Batting: SHB Nuygen Vuong 0-0: Ball
1-0: Called Strike
1-1: Foul Ball, location: 2F
1-2: Ground out U3 (Groundball, 34)
Bottom of the 7th over - 0 runs, 1 hit, 0 errors, 2 left on base; Chicago 2 - Seattle 2
TOP OF THE 8TH
Chicago Hawks batting - Pitching for Seattle Aviators : LHP Shigemasa Horiuchi
Batting: RHB Tevin McTevin 0-0: Called Strike
0-1: Ball
1-1: Ball
2-1: Called Strike
2-2: Foul Ball, location: 2F
2-2: Strikes out swinging
Batting: SHB Luis Manuel Flores 0-0: Ball
1-0: Foul Ball, location: 2F
1-1: Ball
2-1: Ground out 6-3 (Groundball, 6)
Batting: LHB Scott Janousek 0-0: Ground out 6-3 (Groundball, 6)
Top of the 8th over - 0 runs, 0 hits, 0 errors, 0 left on base; Chicago 2 - Seattle 2
BOTTOM OF THE 8TH
Seattle Aviators batting - Pitching for Chicago Hawks : RHP Ralph Haggerty
Pinch Hitting: LHB Pedro Corona 0-0: Ball
1-0: Foul Ball, location: 2F
1-1: Fly out, F7 (Line Drive, 78S)
Batting: LHB Kenny Webster 0-0: Ball
1-0: Foul Ball, location: 2F
1-1: Ball
2-1: Swinging Strike
2-2: Ground out 4-3 (Groundball, 34D)
Batting: LHB Jorge Mojica 0-0: Called Strike
0-1: Fly out, F6 (Popup, 6MD)
Bottom of the 8th over - 0 runs, 0 hits, 0 errors, 0 left on base; Chicago 2 - Seattle 2
TOP OF THE 9TH
Chicago Hawks batting - Pitching for Seattle Aviators : LHP Shigemasa Horiuchi
Now at SS: Pedro Corona
Batting: LHB Jeff Simpson 0-0: Called Strike
0-1: Ball
1-1: Fly out, F6 (Popup, 6M)
Batting: RHB Kumanosuke Asano 0-0: Ball
1-0: Foul Ball, location: 2F
1-1: Foul Ball, location: 2F
1-2: Ball
2-2: Ball
3-2: Ground out 6-3 (Groundball, 6)
Batting: RHB Jack Bonner 0-0: Called Strike
0-1: Foul Ball, location: 2F
0-2: Ball
1-2: Foul Ball, location: 2F
1-2: Fly out, F7 (Flyball, 78M)
Top of the 9th over - 0 runs, 0 hits, 0 errors, 0 left on base; Chicago 2 - Seattle 2
BOTTOM OF THE 9TH
Seattle Aviators batting - Pitching for Chicago Hawks : RHP Ralph Haggerty
Pitching: RHP Carlos Garza
Batting: RHB John Downing 0-0: Swinging Strike
0-1: Called Strike
0-2: Strikes out looking
Batting: LHB Yoichibei Sato 0-0: Called Strike
0-1: Ball
1-1: Ball
2-1: Foul Ball, location: 2F
2-2: Fly out, F7 (Line Drive, 7D)
Batting: RHB Alfredo Méndez 0-0: Swinging Strike
0-1: Swinging Strike
0-2: Ball
1-2: Ball
2-2: Foul Ball, location: 2F
2-2: Foul Ball, location: 2F
2-2: Ball
3-2: Fly out, F4 (Line Drive, 4)
Bottom of the 9th over - 0 runs, 0 hits, 0 errors, 0 left on base; Chicago 2 - Seattle 2
TOP OF THE 10TH
Chicago Hawks batting - Pitching for Seattle Aviators : LHP Shigemasa Horiuchi
Pitching: LHP Holden Rosen Grupp
Batting: RHB Paddy Hodnett 0-0: Called Strike
0-1: Ball
1-1: SINGLE (Groundball, 6MD)
Pinch Runner at 1st Jorge Salgado:
Batting: RHB Cam MacIntosh 0-0: Ball
Jorge Salgado is caught stealing 2nd base
1-0: Swinging Strike
1-1: Ball
2-1: Foul Ball, location: 2F
2-2: Foul Ball, location: 2F
2-2: Ball
3-2: Foul Ball, location: 2F
3-2: Strikes out swinging
Batting: RHB Reg Spiers 0-0: Swinging Strike
0-1: Called Strike
0-2: Strikes out swinging
Top of the 10th over - 0 runs, 1 hit, 0 errors, 0 left on base; Chicago 2 - Seattle 2
BOTTOM OF THE 10TH
Seattle Aviators batting - Pitching for Chicago Hawks : RHP Carlos Garza
Now at 1B: Jorge Salgado
Batting: RHB Logan Namajunas 0-0: Ground out 6-3 (Groundball, 6)
Pinch Hitting: RHB Albert Zamudio 0-0: Called Strike
0-1: Called Strike
0-2: Strikes out swinging
Batting: SHB Nuygen Vuong 0-0: Ball
1-0: Ground out U3 (Groundball, 3)
Bottom of the 10th over - 0 runs, 0 hits, 0 errors, 0 left on base; Chicago 2 - Seattle 2
TOP OF THE 11TH
Chicago Hawks batting - Pitching for Seattle Aviators : LHP Holden Rosen Grupp
Now at C: Seon-keun Kim
Batting: RHB Tevin McTevin 0-0: Ground out 6-3 (Groundball, 6M)
Batting: SHB Luis Manuel Flores 0-0: Ball
1-0: Ball
2-0: Foul Ball, location: 2F
2-1: Foul Ball, location: 2F
2-2: Foul Ball, location: 2F
2-2: Ball
3-2: Strikes out swinging
Batting: LHB Scott Janousek 0-0: Ball
1-0: Called Strike
1-1: Foul Ball, location: 2F
1-2: Strikes out swinging
Top of the 11th over - 0 runs, 0 hits, 0 errors, 0 left on base; Chicago 2 - Seattle 2
BOTTOM OF THE 11TH
Seattle Aviators batting - Pitching for Chicago Hawks : RHP Carlos Garza
Pitching: RHP Érico Laborde
Batting: LHB Pedro Corona 0-0: Ball
1-0: Ball
2-0: Foul Ball, location: 2F
2-1: Ball
3-1: SINGLE (Line Drive, 8RM)
Batting: LHB Kenny Webster 0-0: Ball
1-0: Called Strike
Pedro Corona is caught stealing 2nd base
1-1: Called Strike
1-2: Foul Ball, location: 2F
1-2: Fly out, F6 (Popup, 6S)
Batting: LHB Jorge Mojica 0-0: Called Strike
0-1: Called Strike
0-2: Ball
1-2: SINGLE (Groundball, 34D)
Batting: RHB John Downing 0-0: SINGLE (Groundball, 6MD)
Jorge Mojica to second
Runner from 2nd tries for 3rd, SAFE, no throw
Batting: LHB Yoichibei Sato 0-0: Ball
1-0: SINGLE (Line Drive, 7S)
Jorge Mojica scores
Tuesday, June 12th, 2018 - OOTP Baseball 18.8 Build 76